 Dungeon Crawl Stone Soup version 0.17.1-2-g5865329 (webtiles) character file.

2808 kaze the Ducker (level 9, -5/88 HPs)
             Began as a Troll Berserker on Feb 2, 2016.
             Was an Elder of Trog.
             Slain by a yak (11 damage)
             ... on level 9 of the Dungeon.
             The game lasted 00:24:14 (5657 turns).

kaze the Ducker (Troll Berserker)                   Turns: 5657, Time: 00:24:15

Health: -5/88      AC:  8    Str: 30    XL:     9   Next: 44%
Magic:  8/8        EV: 12    Int:  3    God:    Trog [****..]
Gold:   351        SH:  0    Dex:  9    Spells: 0 memorised, 8 levels left

rFire  x . .     SeeInvis .     K - +4 flail
rCold  + . .     Clarity  .     a - +0 animal skin
rNeg   . . .     SustAt   .     (no shield)
rPois  .         Gourm    +     (helmet restricted)
rElec  .         Spirit   .     i - +2 cloak
rCorr  .         Warding  .     (gloves unavailable)
rMut   .         Stasis   .     (boots unavailable)
MR     .....                    y - amulet of regeneration
Stlth  ++........               (no ring)
                                w - ring of ice

@: drained, not resistant to hostile enchantments, unstealthy
A: unfitting armour, claws 3, fast metabolism 3, gourmand, regeneration 2,
shaggy fur 1, tough skin 2
a: Berserk, Trog's Hand, Brothers in Arms, Burn Spellbooks, Renounce Religion


You were on level 9 of the Dungeon.
You worshipped Trog.
Trog was greatly pleased with you.
You were very full.

You visited 1 branch of the dungeon, and saw 9 of its levels.

You collected 351 gold pieces.

Inventory:

Hand Weapons
 h - a +4 quarterstaff of chaos
 K - a +4 flail (weapon)
Armour
 a - a +0 animal skin (worn)
 i - a +2 cloak (worn)
Jewellery
 k - an uncursed ring of wizardry
 w - a ring of ice (left claw)
 y - an amulet of regeneration (around neck)
 A - a cursed ring of loudness {unknown}
 B - an uncursed ring of ice
Wands
 d - a wand of magic darts (23)
 t - a wand of frost (17)
 G - a wand of random effects (21)
 I - a wand of paralysis (9)
Scrolls
 c - 6 scrolls of remove curse {unknown}
 f - a scroll of teleportation {unknown}
 j - 2 scrolls of magic mapping {unknown}
 m - a scroll of enchant armour {unknown}
 o - 5 scrolls of identify {unknown}
 p - 4 scrolls of enchant weapon {unknown}
 r - 2 scrolls of fear {unknown}
 s - a scroll of amnesia {unknown}
 v - 2 scrolls of blinking {unknown}
 x - a scroll of recharging {unknown}
 C - a scroll of random uselessness {unknown}
 L - a scroll of silence {unknown}
Potions
 e - 5 potions of curing {unknown}
 g - 5 potions of poison {unknown}
 l - 2 potions of degeneration {unknown}
 n - a potion of magic {unknown}
 q - 2 potions of might {unknown}
 u - a potion of resistance {unknown}
 z - 3 potions of berserk rage {unknown}
 J - a potion of lignification {unknown}
Books
 E - a book of Minor Magic

   Spells                             Type                      Level
   a - Magic Dart                     Conjuration                  1
   b - Blink                          Translocation                2
   c - Call Imp                       Summoning                    2
   d - Repel Missiles                 Charms/Air                   2
   e - Slow                           Hexes                        2
   f - Conjure Flame                  Conjuration/Fire             3
   g - Mephitic Cloud                 Conjuration/Poison/Air       3
   Trog disapproves of the use of such an item.
Comestibles
 b - 8 bread rations
 D - 3 beef jerkies
 F - 4 chunks of flesh
 H - 2 meat rations


   Skills:
 + Level 5.1(4.8) Fighting
 + Level 1.8(3.1) Maces & Flails
 + Level 4.1(3.9) Staves
 + Level 7.5(7.2) Dodging
 * Level 3.6(3.3) Stealth
 + Level 3.9(3.5) Unarmed Combat


You had 8 spell levels left.
You didn't know any spells.

Dungeon Overview and Level Annotations

Branches:
Dungeon (9/15)             Temple (0/1) D:6            Lair (0/8) D:8
    Orc: D:9-12

Altars:
Elyvilon
Nemelex Xobeh
Qazlal
Ru
Vehumet
Yredelemnul
Zin

Shops:
D:4 }


Innate Abilities, Weirdness & Mutations

You are too large for most types of armour.
You have claws for hands.
Your metabolism is lightning-fast.
You like to eat raw meat.
You heal very quickly.
You are covered in fur (AC +1).
You have very tough skin (AC +2).


Message History

You barely miss the yak.
The yak is lightly wounded.
The yak gores you! The yak gores you but does no damage.
You closely miss the yak.
The yak is lightly wounded.
The yak gores you but does no damage. The yak gores you!
The yak gores you but does no damage.
You sock the yak!
The yak is moderately wounded.
The yak misses you. The yak gores you but does no damage. The yak gores you!
You closely miss the yak.
The yak is moderately wounded.
The yak gores you! x2
* * * LOW HITPOINT WARNING * * *
You barely miss the yak.
The yak is moderately wounded.
The yak gores you!
* * * LOW HITPOINT WARNING * * *
The yak gores you!
You die...

#....#.......# ..
....####'####...
(...............
#######.......###..
#.....'.......# #
#.....#.......# #.
#.....#.......#
###..###Y###.......#
#$.....YY@.........#
#......##########..#
#......# ..#
#......# ..#
#......# ..#
##.....# #....!.
#......


You could see 3 yaks.

Vanquished Creatures
  A spriggan (D:8)
  4 phantoms
  An orc warrior (D:8)
  A sky beast (D:6)
  A black bear (D:8)
  2 ice beasts
  The ghost of kraktruk the Ruffian, an amateur DrMo (D:3)
  A centaur (D:6)
  A crocodile (D:8)
  A crocodile (shapeshifter) (D:6)
  4 giant frogs
  A gnoll sergeant (D:8)
  4 scorpions
  A crimson imp (D:7)
  A centaur zombie (D:5)
  2 hounds
  A jelly (D:4)
  Crazy Yiuf (D:2)
  4 orc priests
  2 giant frog skeletons (D:5)
  Jessica (D:3)
  An iguana (D:8)
  4 orc wizards
  5 worker ants
  2 killer bee zombies
  2 hound zombies
  9 gnolls
  9 adders
  An adder zombie (D:7)
  A worm (D:5)
  4 giant geckos
  22 orcs
  A ball python (D:4)
  13 bats
  4 giant cockroaches
  5 hobgoblins
  10 jackals
  5 kobolds
  4 quokkas
  A giant cockroach zombie (D:6)
  2 giant gecko skeletons
  A giant gecko zombie (D:5)
  4 giant newts
  8 goblins
  A quokka zombie (D:6)
  7 rats
162 creatures vanquished.

Notes
Turn   | Place    | Note
--------------------------------------------------------------
     0 | D:1      | kaze the Troll Berserker began the quest for the Orb.
     0 | D:1      | Reached XP level 1. HP: 22/22 MP: 0/0
   140 | D:1      | Reached XP level 2. HP: 26/29 MP: 1/1
   347 | D:1      | Reached XP level 3. HP: 36/36 MP: 2/2
   348 | D:1      | Reached ** piety under Trog
   808 | D:2      | Noticed Crazy Yiuf
   813 | D:2      | Killed Crazy Yiuf
   918 | D:2      | Reached XP level 4. HP: 42/44 MP: 3/3
  1141 | D:3      | Found a sparkling altar of Nemelex Xobeh.
  1144 | D:3      | Noticed Jessica
  1150 | D:3      | Killed Jessica
  1207 | D:3      | Noticed kraktruk's ghost (amateur DrMo)
  1219 | D:3      | Killed kraktruk's ghost
  1219 | D:3      | Reached skill level 4 in Dodging
  1219 | D:3      | Reached skill level 1 in Stealth
  1219 | D:3      | Reached XP level 5. HP: 20/53 MP: 4/4
  1282 | D:3      | Found a basalt altar of Yredelemnul.
  1666 | D:4      | Found Umoaw's Gadget Shop.
  1781 | D:4      | Reached XP level 6. HP: 58/61 MP: 5/5
  1786 | D:4      | Reached *** piety under Trog
  1786 | D:4      | Reached skill level 1 in Staves
  1999 | D:5      | Entered Level 5 of the Dungeon
  2063 | D:5      | Found a radiant altar of Vehumet.
  2063 | D:5      | Found a sacrificial altar of Ru.
  2615 | D:5      | Reached XP level 7. HP: 54/67 MP: 6/6
  3082 | D:6      | Noticed a fire drake
  3082 | D:6      | an ice beast changed into a fire drake
  3089 | D:6      | a fire drake changed into a crocodile
  3097 | D:6      | Reached skill level 5 in Dodging
  3867 | D:6      | Found a staircase to the Ecumenical Temple.
  4021 | D:6      | Reached XP level 8. HP: 76/78 MP: 7/7
  4208 | D:7      | Reached **** piety under Trog
  4210 | D:7      | Reached skill level 6 in Dodging
  4548 | D:7      | Found a white marble altar of Elyvilon.
  4548 | D:7      | Found a stormy altar of Qazlal.
  4550 | D:7      | Found a glowing silver altar of Zin.
  4779 | D:8      | Reached XP level 9. HP: 29/85 MP: 8/8
  4783 | D:8      | Reached skill level 7 in Dodging
  5096 | D:8      | Reached skill level 1 in Maces & Flails
  5175 | D:8      | Reached skill level 5 in Fighting
  5592 | D:8      | Found a staircase to the Lair.
  5657 | D:9      | Slain by a yak

Action                   |  1- 3 |  4- 6 |  7- 9 || total
-------------------------+-------+-------+-------++-------
Melee: Unarmed           |    67 |       |       ||    67
       Quarterstaff      |     6 |   138 |   230 ||   374
       Flail             |       |       |   115 ||   115
Invok: Berserk           |     1 |       |     5 ||     6
       Trog's Hand       |     1 |       |     3 ||     4
       Burn Spellbooks   |       |       |     1 ||     1
 Stab: Sleeping          |       |     1 |     1 ||     2
       Paralysed         |       |       |     2 ||     2
  Eat: Chunk             |     8 |    17 |    30 ||    55
       Pizza             |       |       |     2 ||     2
       Meat ration       |       |       |     1 ||     1
       Bread ration      |       |       |     1 ||     1
